 Dungeon Crawl Stone Soup version 0.30-a0-462-gd5975efbca (webtiles) character file.

Game seed: 2416380068195045840

443 coraxio the Slasher (level 7, -1/55 HPs)
             Began as a Human Monk on Dec 17, 2022.
             Slain by Menkaure (19 damage)
             ... on level 4 of the Dungeon.
             The game lasted 00:17:55 (3554 turns).

coraxio the Slasher (Human Monk)                    Turns: 3554, Time: 00:17:55

Health: -1/55      AC:  8    Str: 11      XL:     7   Next: 23%
Magic:  7/7        EV: 12    Int: 11      God:
Gold:   205        SH:  0    Dex: 13 (17) Spells: 6/6 levels left

rFire   . . .      SeeInvis .    a - +0 falchion {@w1}
rCold   . . .      Faith    .    (no shield)
rNeg    . . .      Spirit   .    A - +2 leather armour {Will+}
rPois   .          Reflect  .    (no helmet)
rElec   .          Harm     .    C - +0 cloak
rCorr   .          Rampage  .    (no gloves)
Will    +....                    l - +1 pair of boots
Stlth   ++........               (no amulet)
HPRegen 0.29/turn                o - ring of flight
MPRegen 0.10/turn                (no ring)

@: flying
A: no striking features
a: no special abilities


You were on level 4 of the Dungeon.
You visited 1 branch of the dungeon, and saw 4 of its levels.

You collected 205 gold pieces.

Inventory:

Hand Weapons
 a - a +0 falchion (weapon) {@w1}
 g - a +0 short sword
 j - a +0 dagger {@w2}
 x - a +1 antimagic scythe
 B - a +4 quarterstaff of chaos
Missiles
 n - 3 boomerangs (quivered)
 u - 6 poisoned darts
 v - 21 stones
Armour
 k - a +0 chain mail
 l - a +1 pair of boots (worn)
 A - a +2 leather armour of willpower (worn)
 C - a +0 cloak (worn)
Jewellery
 o - a ring of flight (left hand)
Wands
 z - a wand of digging (6)
Scrolls
 d - a scroll of vulnerability
 m - a scroll of amnesia {unknown}
 p - a scroll of poison {unknown}
 q - a scroll of teleportation
 s - a scroll of enchant weapon {unknown}
 w - a scroll of identify
 y - a scroll of noise {unknown}
Potions
 b - a potion of lignification {unknown}
 c - a potion of ambrosia
 e - a potion of heal wounds
 f - 2 potions of curing
 h - a potion of brilliance
 i - a potion of invisibility {unknown}
 r - 2 potions of degeneration {unknown}
 t - a potion of flight {unknown}


   Skills:
 + Level 4.6 Fighting
 * Level 4.7 Long Blades
 - Level 2.0 Armour
 - Level 4.1 Dodging
 - Level 3.7 Stealth


You had 6 spell levels left.
You didn't know any spells.
Your spell library contained the following spells:

 Spells                   Type           Power      Damage    Failure   Level
 Slow                     Hex            0%         N/A       43%         1
 Sublimation of Blood     Necr           0%         N/A       56%         2
 Wereblood                Tmut           0%         N/A       56%         2
 Confusing Touch          Hex            0%         N/A       80%         3
 Vampiric Draining        Necr           0%         2d6       80%         3
 Summon Hydra             Summ           0%         N/A       100%        7


Dungeon Overview and Level Annotations

Branches:
Dungeon (4/15)
 Temple: D:4-7

Altars:
Ru
Sif Muna
Uskayaw
Xom

Annotations:
D:3 Pokonic1's ghost, amateur HOFi; Terence
D:4 1 exclusion, Eustachio; Menkaure


Message History

Press: ? - help, v - describe, . - travel
Here: Menkaure (fast)
The floor.
Okay, then.
Okay, then.
Press: ? - help, v - describe, . - travel
Here: Menkaure (fast)
The floor.
You closely miss the goblin. The goblin barely misses you.
You hit the goblin.
The goblin is heavily wounded.
The goblin hits you but does no damage.
Menkaure calls on the powers of darkness!
Your body is wracked with pain!
* * * LOW HITPOINT WARNING * * *
You hit the goblin.
You kill the goblin!
You feel much better. Menkaure closely misses you.
You barely miss Menkaure. Menkaure hits you!
Menkaure calls on the powers of darkness!
Your body is wracked with pain!
* * * LOW HITPOINT WARNING * * *
Okay, then.
Okay, then.
Okay, then.
You barely miss Menkaure. Menkaure hits you but does no damage.
You hit Menkaure but do no damage.
Menkaure shouts, "Why can't you leave me to my rest?"
Menkaure closely misses you.
Press: ? - help, v - describe, . - travel The floor.
You hit Menkaure.
Menkaure is lightly damaged.
Menkaure barely misses you. Menkaure breathes soot at you.
Menkaure calls on the powers of darkness!
Your body is wracked with pain!
* * * LOW HITPOINT WARNING * * *
You feel better. Menkaure hits you!!
You die...

........#
#######.# #.# #.#
#.# #.# #.# #.#
#@# #M# #.# #.#
###############.#
#......†.M..g...#
#.###############


You could see Menkaure (fast).

Vanquished Creatures
  Sigmund (D:3)
  A phantom (D:4)
  Crazy Yiuf (D:3)
  Jessica (D:3)
  A mummy (D:3)
  5 adders
  A worm (D:1)
  2 orcs
  10 ball pythons
  5 endoplasms
  5 giant cockroaches
  12 goblins
  5 hobgoblins
  5 jackals
  6 quokkas
  4 bats
  3 frilled lizards
  6 kobolds
  6 rats
80 creatures vanquished.

Notes
Turn   | Place    | Note
-------+----------+-------------------------------------------
     0 | D:1      | coraxio the Human Monk began the quest for the Orb.
     0 | D:1      | Reached XP level 1. HP: 18/18 MP: 1/1
    61 | D:1      | Reached XP level 2. HP: 15/24 MP: 2/2
   664 | D:1      | Reached XP level 3. HP: 29/29 MP: 3/3
  1240 | D:1      | Reached skill level 1 in Armour
  1330 | D:2      | Reached XP level 4. HP: 15/35 MP: 4/4
  1758 | D:2      | Found a sacrificial altar of Ru.
  2105 | D:3      | Found a shimmering blue altar of Sif Muna.
  2106 | D:3      | Noticed Sigmund
  2190 | D:3      | Killed Sigmund
  2191 | D:3      | Reached XP level 5. HP: 28/42 MP: 5/5
  2191 | D:3      | Reached XP level 6. HP: 32/48 MP: 6/6
  2414 | D:3      | Found a hide-covered altar of Uskayaw.
  2450 | D:3      | Noticed Terence
  2598 | D:3      | Noticed Jessica
  2605 | D:3      | Killed Jessica
  2850 | D:3      | Found a transporter.
  2856 | D:3      | Noticed Pokonic1's ghost (amateur HOFi)
  2883 | D:3      | Found a transporter.
  2910 | D:3      | Found a runed translucent door.
  2911 | D:3      | Noticed Crazy Yiuf
  3125 | D:3      | Killed Crazy Yiuf
  3324 | D:3      | Found a shimmering altar of Xom.
  3430 | D:4      | Noticed Eustachio
  3455 | D:4      | Reached XP level 7. HP: 50/55 MP: 7/7
  3529 | D:4      | Noticed Menkaure
  3554 | D:4      | Slain by Menkaure

Illustrated notes

Levels and vault maps discovered:
D:1:      wander_arrival_peaceful_grave, layout_basic
D:2:      layout_loops_ring, basic_altar
D:3:      layout_basic, grunt_temple_overflow_open, nicolae_uskayaw_dance_hall,
          gammafunk_ghost_mausoleum, uniq_terence, uniq_jessica, uniq_sigmund,
          uniq_crazy_yiuf_cottage
D:4:      layout_loops_ring, zin_purify, kennysheep_little_box,
          gup_ossuary_entry_pyramid, minmay_misc_feat_nine_boxes, uniq_robin,
          uniq_eustachio, uniq_edmund, uniq_menkaure

Skill      XL: |  1  2  3  4 |
---------------+-------------+-----
Long Blades    | 4 |  4.7
Armour         | 1 2 |  2.0
Fighting       | 4 |  4.6
Dodging        | 4 |  4.1
Stealth        | 3 |  3.7

Action                   |  1- 3 |  4- 6 |  7- 9 || total
-------------------------+-------+-------+-------++-------
Melee: Falchion          |   121 |   144 |    54 ||   319
       Short sword       |     4 |       |       ||     4
       Dagger            |     1 |     5 |     1 ||     7
       Punch             |       |     3 |       ||     3
Throw: Stone             |    11 |     2 |       ||    13
       Boomerang         |       |     2 |       ||     2
  Use: Potion            |       |     1 |     3 ||     4
       Scroll            |       |     1 |     2 ||     3
 Stab: Sleeping          |     5 |     4 |       ||     9
Armor: Robe              |    15 |       |       ||    15
       Leather armour    |    14 |    32 |    45 ||    91
Dodge: Dodged            |    77 |    95 |    59 ||   231

Table legend: (Time is in decaauts)
 A = Elapsed time spent in this place.
 B = Non-inter-level travel time spent in this place.
 C = Inter-level travel time spent in this place.
 D = Time resting spent in this place.
 E = Time spent auto-exploring this place.
 F = Levels seen in this place.
 G = Mean time per level.
                   A        B        C        D        E       F      G
               +--------+--------+--------+--------+--------+-----+--------+
         Total |   3579 |   3432 |    147 |    167 |   2174 |   4 |  894.8 |
       Dungeon |   3579 |   3432 |    147 |    167 |   2174 |   4 |  894.8 |
               +--------+--------+--------+--------+--------+-----+--------+

Top non-repeatable levels by time:
     D:1: 1359 daAuts
     D:3: 1160 daAuts
     D:2: 847 daAuts
     D:4: 211 daAuts
